TOP OF THE 1ST |
Omaha Storm Chasers batting - Pitching for Indianapolis Indians : RHP Mark Breitenbach
|
Pitching: RHP Mark Breitenbach
|
|
Batting: RHB Jay Schellin
|
0-0: Foul Ball, location: 2F 0-1: Ball 1-1: Ball 2-1: Called Strike 2-2: Foul Ball, location: 2F 2-2: Ball 3-2: Foul Ball, location: 2F 3-2: Foul Ball, location: 2F 3-2: Strikes out looking
|
Batting: SHB Rafael Landestoy
|
0-0: Called Strike 0-1: Foul Ball, location: 2F 0-2: Foul Ball, location: 2F 0-2: Ball 1-2: Ball 2-2: Ball 3-2: Base on Balls
|
Batting: RHB Don Money
|
0-0: Ball Rafael Landestoy is caught stealing 2nd base 2-4 1-0: Ball 2-0: Called Strike 2-1: Called Strike 2-2: Fly out, F9 (Flyball, 89D, EV 104.4 MPH)
|
Top of the 1st over - 0 runs, 0 hits, 0 errors, 0 left on base; Omaha 0 - Indianapolis 0 |
BOTTOM OF THE 1ST |
Indianapolis Indians batting - Pitching for Omaha Storm Chasers : LHP Joe W Price
|
Pitching: LHP Joe W Price
|
|
Batting: SHB Julio Estrada
|
0-0: Ball 1-0: Ball 2-0: Foul Ball, location: 2F 2-1: Ball 3-1: Foul Ball, location: 2F 3-2: Ground out 4-3 (Groundball, 4, EV 83.1 MPH)
|
Batting: RHB Pat Rooney
|
0-0: Swinging Strike 0-1: Foul Ball, location: 2F 0-2: Foul Ball, location: 2F 0-2: Ball 1-2: Strikes out swinging
|
Batting: LHB Scott Radloff
|
0-0: Called Strike 0-1: Called Strike 0-2: Ball 1-2: SINGLE (Line Drive, 9S, EV 103.8 MPH)
|
Batting: RHB Luis Gonzalez
|
0-0: Ball 1-0: Ball 2-0: Ball 3-0: Called Strike 3-1: Called Strike 3-2: Foul Ball, location: 2F 3-2: Base on Balls Scott Radloff to second
|
Batting: RHB Tracy Cowger
|
0-0: Ball 1-0: Fielders Choice at 2nd, 6-4 (Groundball, 6, EV 92.5 MPH)
|
Bottom of the 1st over - 0 runs, 1 hit, 0 errors, 2 left on base; Omaha 0 - Indianapolis 0 |
TOP OF THE 2ND |
Omaha Storm Chasers batting - Pitching for Indianapolis Indians : RHP Mark Breitenbach
|
Batting: LHB Mike LaValliere
|
0-0: Ball 1-0: Fly out, F5 (Popup, 56S, EV 88.8 MPH)
|
Batting: RHB Al Minker
|
0-0: Ball 1-0: Ball 2-0: DOUBLE (Line Drive, 89XD, EV 101.3 MPH)
|
Pinch Runner at 2nd Bobby Barron:
|
|
Batting: RHB Eddie Gates
|
0-0: Called Strike 0-1: Swinging Strike 0-2: Ball 1-2: Ball 2-2: Ball 3-2: Fly out, F8 (Flyball, 8RM, EV 96.9 MPH)
|
Batting: SHB Larry Bowa
|
0-0: Ball 1-0: Ball 2-0: Ball 3-0: Base on Balls
|
Batting: LHB Donald Elliott
|
0-0: Called Strike 0-1: Swinging Strike 0-2: Ball 1-2: Ground out 4-3 (Groundball, 34D, EV 106.3 MPH)
|
Top of the 2nd over - 0 runs, 1 hit, 0 errors, 2 left on base; Omaha 0 - Indianapolis 0 |
BOTTOM OF THE 2ND |
Indianapolis Indians batting - Pitching for Omaha Storm Chasers : LHP Joe W Price
|
Now in RF: Bobby Barron
|
|
Batting: RHB Steven Campbell
|
0-0: Ball 1-0: Ball 2-0: Swinging Strike 2-1: Ball 3-1: DOUBLE (Line Drive, 3D, EV 98.1 MPH)
|
Batting: LHB Roberto Ruiz
|
0-0: Ground out 4-3 (Groundball, 4, EV 106.3 MPH) Steven Campbell to third
|
Batting: RHB Robert Bonnette
|
0-0: Ball 1-0: SINGLE (Groundball, 4MD, EV 99.4 MPH) Steven Campbell scores
|
Batting: LHB David Bertulli
|
0-0: Called Strike 0-1: Swinging Strike 0-2: Foul Ball, location: 2F 0-2: Ball 1-2: 2-RUN HOME RUN (Flyball, 9D, EV 98.8 MPH), Distance : 376 ft
|
Batting: SHB Julio Estrada
|
0-0: Foul Ball, location: 2F 0-1: Foul Ball, location: 2F 0-2: Ball 1-2: Ball 2-2: Ball 3-2: Foul Ball, location: 2F 3-2: SINGLE (Groundball, 4MD, EV 94.4 MPH)
|
Batting: RHB Pat Rooney
|
0-0: Called Strike 0-1: Fielders Choice at 2nd, 3-6 (Groundball, 3, EV 82.5 MPH)
|
Batting: LHB Scott Radloff
|
0-0: Called Strike 0-1: Ball 1-1: Foul Ball, location: 2F 1-2: Ball 2-2: Ball 3-2: Ground out 5-3 (Groundball, 56, EV 98.1 MPH)
|
Bottom of the 2nd over - 3 runs, 4 hits, 0 errors, 1 left on base; Omaha 0 - Indianapolis 3 |
TOP OF THE 3RD |
Omaha Storm Chasers batting - Pitching for Indianapolis Indians : RHP Mark Breitenbach
|
Batting: RHB Mike Allport
|
0-0: Ball 1-0: Ball 2-0: Called Strike 2-1: Called Strike 2-2: SINGLE (Groundball, 34D, EV 97.5 MPH)
|
Batting: RHB Jay Schellin
|
0-0: Swinging Strike 0-1: Ball 1-1: Called Strike 1-2: Ball 2-2: Strikes out swinging
|
Batting: SHB Rafael Landestoy
|
0-0: Ball 1-0: Ball 2-0: Fielders Choice at 2nd, 4-6 (Groundball, 34D, EV 100.0 MPH)
|
Batting: RHB Don Money
|
0-0: Fly out, F4 (Flyball, 3D, EV 78.1 MPH)
|
Top of the 3rd over - 0 runs, 1 hit, 0 errors, 1 left on base; Omaha 0 - Indianapolis 3 |
BOTTOM OF THE 3RD |
Indianapolis Indians batting - Pitching for Omaha Storm Chasers : LHP Joe W Price
|
Batting: RHB Luis Gonzalez
|
0-0: Fly out, F8 (Flyball, 89D, EV 92.5 MPH)
|
Batting: RHB Tracy Cowger
|
0-0: Called Strike 0-1: Ball 1-1: Ball 2-1: Foul Ball, location: 2F 2-2: Fly out, F8 (Flyball, 8LM, EV 79.4 MPH)
|
Batting: RHB Steven Campbell
|
0-0: Called Strike 0-1: Swinging Strike 0-2: Strikes out swinging
|
Bottom of the 3rd over - 0 runs, 0 hits, 0 errors, 0 left on base; Omaha 0 - Indianapolis 3 |
TOP OF THE 4TH |
Omaha Storm Chasers batting - Pitching for Indianapolis Indians : RHP Mark Breitenbach
|
Batting: LHB Mike LaValliere
|
0-0: Ground out 4-3 (Groundball, 4S, EV 87.5 MPH)
|
Batting: LHB Bobby Barron
|
0-0: Called Strike 0-1: Called Strike 0-2: Foul Ball, location: 2F 0-2: Foul Ball, location: 2F 0-2: Ball 1-2: Foul Ball, location: 2F 1-2: Foul Ball, location: 2F 1-2: Foul Ball, location: 2F 1-2: Fly out, F9 (Flyball, 9, EV 95.6 MPH)
|
Batting: RHB Eddie Gates
|
0-0: Fly out, F3 (Popup, 3SF, EV 78.8 MPH)
|
Top of the 4th over - 0 runs, 0 hits, 0 errors, 0 left on base; Omaha 0 - Indianapolis 3 |
BOTTOM OF THE 4TH |
Indianapolis Indians batting - Pitching for Omaha Storm Chasers : LHP Joe W Price
|
Batting: LHB Roberto Ruiz
|
0-0: Ball 1-0: Fly out, F8 (Flyball, 89D, EV 76.9 MPH)
|
Batting: RHB Robert Bonnette
|
0-0: Called Strike 0-1: Swinging Strike 0-2: Ground out 3-1 (Groundball, 34S, EV 81.3 MPH)
|
Batting: LHB David Bertulli
|
0-0: Ball 1-0: Ball 2-0: Fly out, F9 (Line Drive, 9, EV 91.3 MPH)
|
Bottom of the 4th over - 0 runs, 0 hits, 0 errors, 0 left on base; Omaha 0 - Indianapolis 3 |
TOP OF THE 5TH |
Omaha Storm Chasers batting - Pitching for Indianapolis Indians : RHP Mark Breitenbach
|
Batting: SHB Larry Bowa
|
0-0: Called Strike 0-1: Ball 1-1: Ground out 6-3 (Groundball, 6MD, EV 81.3 MPH)
|
Batting: LHB Donald Elliott
|
0-0: Called Strike 0-1: Ball 1-1: Ground out 6-3 (Groundball, 6, EV 81.3 MPH)
|
Batting: RHB Mike Allport
|
0-0: Ball 1-0: Fly out, F2 (Popup, 3SF, EV 75.6 MPH)
|
Top of the 5th over - 0 runs, 0 hits, 0 errors, 0 left on base; Omaha 0 - Indianapolis 3 |
BOTTOM OF THE 5TH |
Indianapolis Indians batting - Pitching for Omaha Storm Chasers : LHP Joe W Price
|
Batting: SHB Julio Estrada
|
0-0: Ball 1-0: Fly out, F9 (Line Drive, 9, EV 95.6 MPH)
|
Batting: RHB Pat Rooney
|
0-0: Called Strike 0-1: TRIPLE (Line Drive, 89XD, EV 104.4 MPH)
|
Batting: LHB Scott Radloff
|
0-0: SINGLE (Groundball, 4MD, EV 103.1 MPH) Pat Rooney scores
|
Batting: RHB Luis Gonzalez
|
0-0: Ball 1-0: Fly out, F7 (Flyball, 7LS, EV 86.3 MPH)
|
Batting: RHB Tracy Cowger
|
0-0: Fielders Choice at 2nd, 6-4 (Groundball, 6, EV 101.3 MPH)
|
Bottom of the 5th over - 1 run, 2 hits, 0 errors, 1 left on base; Omaha 0 - Indianapolis 4 |
TOP OF THE 6TH |
Omaha Storm Chasers batting - Pitching for Indianapolis Indians : RHP Mark Breitenbach
|
Batting: RHB Jay Schellin
|
0-0: Called Strike 0-1: Called Strike 0-2: Foul Ball, location: 2F 0-2: Ball 1-2: Ground out 6-3 (Groundball, 6, EV 82.5 MPH)
|
Batting: SHB Rafael Landestoy
|
0-0: Swinging Strike 0-1: Swinging Strike 0-2: Strikes out swinging
|
Batting: RHB Don Money
|
0-0: Called Strike 0-1: Ball 1-1: Called Strike 1-2: SINGLE (Groundball, 6MD, EV 101.9 MPH)
|
Batting: LHB Mike LaValliere
|
0-0: Foul Ball, location: 2F 0-1: Ball 1-1: Ball 2-1: Ball 3-1: Foul Ball, location: 2F 3-2: Fly out, F8 (Line Drive, 8RD, EV 93.8 MPH)
|
Top of the 6th over - 0 runs, 1 hit, 0 errors, 1 left on base; Omaha 0 - Indianapolis 4 |
BOTTOM OF THE 6TH |
Indianapolis Indians batting - Pitching for Omaha Storm Chasers : LHP Joe W Price
|
Batting: RHB Steven Campbell
|
0-0: Called Strike 0-1: Fly out, F2 (Popup, 15S, EV 93.1 MPH)
|
Batting: LHB Roberto Ruiz
|
0-0: Ball 1-0: Ball 2-0: Foul Ball, location: 2F 2-1: Swinging Strike 2-2: Strikes out swinging
|
Batting: RHB Robert Bonnette
|
0-0: Ball 1-0: Ball 2-0: Foul Ball, location: 2F 2-1: Ground out 6-3 (Groundball, 6, EV 83.1 MPH)
|
Bottom of the 6th over - 0 runs, 0 hits, 0 errors, 0 left on base; Omaha 0 - Indianapolis 4 |
TOP OF THE 7TH |
Omaha Storm Chasers batting - Pitching for Indianapolis Indians : RHP Mark Breitenbach
|
Batting: LHB Bobby Barron
|
0-0: Called Strike 0-1: Foul Ball, location: 2F 0-2: Ball 1-2: Ball 2-2: Strikes out swinging
|
Batting: RHB Eddie Gates
|
0-0: Swinging Strike 0-1: Ball 1-1: Ball 2-1: Foul Ball, location: 2F 2-2: Strikes out swinging
|
Batting: SHB Larry Bowa
|
0-0: Ball 1-0: Foul Ball, location: 2F 1-1: Swinging Strike 1-2: Foul Ball, location: 2F 1-2: Ground out 4-3 (Groundball, 4, EV 88.1 MPH)
|
Top of the 7th over - 0 runs, 0 hits, 0 errors, 0 left on base; Omaha 0 - Indianapolis 4 |
BOTTOM OF THE 7TH |
Indianapolis Indians batting - Pitching for Omaha Storm Chasers : LHP Joe W Price
|
Batting: LHB David Bertulli
|
0-0: Ball 1-0: TRIPLE (Line Drive, 9LD, EV 101.3 MPH)
|
Batting: SHB Julio Estrada
|
0-0: Ground out 5-3 (Groundball, 25, EV 73.1 MPH)
|
Batting: RHB Pat Rooney
|
0-0: Fly out, F6 (Popup, 6M, EV 61.9 MPH)
|
Batting: LHB Scott Radloff
|
0-0: Ball Wild Pitch! David Bertulli scores 1-0: Ball 2-0: Ball 3-0: Foul Ball, location: 2F 3-1: Base on Balls
|
Pitching: LHP David Bogacki
|
|
Batting: RHB Luis Gonzalez
|
0-0: Called Strike 0-1: Ball 1-1: Swinging Strike 1-2: Ball 2-2: Fly out, F7 (Flyball, 78D, EV 81.3 MPH)
|
Bottom of the 7th over - 1 run, 1 hit, 0 errors, 1 left on base; Omaha 0 - Indianapolis 5 |
TOP OF THE 8TH |
Omaha Storm Chasers batting - Pitching for Indianapolis Indians : RHP Mark Breitenbach
|
Batting: LHB Donald Elliott
|
0-0: Ball 1-0: Swinging Strike 1-1: Ground out 4-3 (Groundball, 34D, EV 105.6 MPH)
|
Batting: RHB Mike Allport
|
0-0: Called Strike 0-1: Foul Ball, location: 2F 0-2: Ball 1-2: Strikes out swinging
|
Batting: RHB Jay Schellin
|
0-0: Ball 1-0: Ball 2-0: Called Strike 2-1: Called Strike 2-2: Strikes out looking
|
Top of the 8th over - 0 runs, 0 hits, 0 errors, 0 left on base; Omaha 0 - Indianapolis 5 |
BOTTOM OF THE 8TH |
Indianapolis Indians batting - Pitching for Omaha Storm Chasers : LHP David Bogacki
|
Batting: RHB Tracy Cowger
|
0-0: Ball 1-0: Ball 2-0: Fly out, F8 (Line Drive, 8LD, EV 89.4 MPH)
|
Batting: RHB Steven Campbell
|
0-0: Ball 1-0: Ball 2-0: Ball 3-0: Base on Balls
|
Batting: LHB Roberto Ruiz
|
0-0: Ball 1-0: Foul Ball, location: 2F 1-1: Foul Ball, location: 2F 1-2: Fly out, F7 (Line Drive, 7, EV 90.6 MPH)
|
Batting: RHB Robert Bonnette
|
0-0: Ball 1-0: Ball 2-0: Ball 3-0: Called Strike 3-1: Called Strike 3-2: Foul Ball, location: 2F 3-2: Ground out 4-3 (Groundball, 4, EV 106.3 MPH)
|
Bottom of the 8th over - 0 runs, 0 hits, 0 errors, 1 left on base; Omaha 0 - Indianapolis 5 |
TOP OF THE 9TH |
Omaha Storm Chasers batting - Pitching for Indianapolis Indians : RHP Mark Breitenbach
|
Batting: SHB Rafael Landestoy
|
0-0: Called Strike 0-1: Ball 1-1: Foul Ball, location: 2F 1-2: DOUBLE (Flyball, 8RXD, EV 90.0 MPH)
|
Batting: RHB Don Money
|
0-0: Ball 1-0: Ground out 6-3 (Groundball, 6, EV 83.8 MPH) Rafael Landestoy to third
|
Batting: LHB Mike LaValliere
|
0-0: Ball 1-0: Foul Ball, location: 2F 1-1: Called Strike 1-2: SINGLE (Line Drive, 8LS, EV 103.1 MPH) Rafael Landestoy scores
|
Pitching: LHP Lee Guetterman
|
|
Batting: LHB Bobby Barron
|
0-0: Fly out, F8 (Flyball, 8RD, EV 107.5 MPH)
|
Batting: RHB Eddie Gates
|
0-0: Called Strike 0-1: Swinging Strike 0-2: Fly out, F8 (Flyball, 8LS, EV 92.5 MPH)
|
Top of the 9th over - 1 run, 2 hits, 0 errors, 1 left on base; Omaha 1 - Indianapolis 5 |
|